BLB
MAINE GUIDES @ NEW YORK CYCLONES
09/03/2059
 
TOP OF THE 1ST
Maine Guides batting - Pitching for New York Cyclones : RHP Cedric Erickson
Pitching: RHP Cedric Erickson
Batting: RHB Walt Dutro 0-0: Called Strike
0-1: Ball
1-1: Foul Ball, location: 2F
1-2: DOUBLE (Line Drive, 7LS, EV 94.4 MPH)
Batting: RHB Jaret Foley 0-0: Foul Ball, location: 2F
0-1: Ball
1-1: Swinging Strike
1-2: Ball
2-2: Strikes out swinging
Batting: RHB Nathan Bennett 0-0: Ball
1-0: Ball
2-0: Ball
3-0: Called Strike
3-1: Ground out 6-3 (Groundball, 6, EV 85.0 MPH)
Walt Dutro to third
Batting: RHB Brad Pendolino 0-0: Called Strike
0-1: Ground out 6-3 (Groundball, 6, EV 103.8 MPH)
Top of the 1st over - 0 runs, 1 hit, 0 errors, 1 left on base; Maine 0 - New York 0
BOTTOM OF THE 1ST
New York Cyclones batting - Pitching for Maine Guides : RHP Dave Lassell
Pitching: RHP Dave Lassell
Batting: LHB John McIntyre 0-0: Foul Ball, location: 2F
0-1: Foul Ball, location: 2F
0-2: Ball
1-2: Ball
2-2: Strikes out swinging
Batting: RHB Fred Etheridge 0-0: Ball
1-0: Called Strike
1-1: Foul Ball, location: 2F
1-2: Fly out, F9 (Flyball, 9D, EV 76.9 MPH)
Batting: RHB Jarrett Evans 0-0: Ball
1-0: Called Strike
1-1: Fly out, F8 (Line Drive, 8RXD, EV 98.1 MPH)
Bottom of the 1st over - 0 runs, 0 hits, 0 errors, 0 left on base; Maine 0 - New York 0
TOP OF THE 2ND
Maine Guides batting - Pitching for New York Cyclones : RHP Cedric Erickson
Batting: SHB Desmond Moynihan 0-0: Ground out 1-3 (Groundball, 15S, EV 73.1 MPH)
Batting: RHB Carter Attridge 0-0: Swinging Strike
0-1: Ground out 6-3 (Groundball, 6, EV 83.1 MPH)
Batting: RHB Chase Hagarty 0-0: Ball
1-0: Swinging Strike
1-1: Foul Ball, location: 2F
1-2: Strikes out looking
Top of the 2nd over - 0 runs, 0 hits, 0 errors, 0 left on base; Maine 0 - New York 0
BOTTOM OF THE 2ND
New York Cyclones batting - Pitching for Maine Guides : RHP Dave Lassell
Batting: LHB Jim Mjima 0-0: Called Strike
0-1: SOLO HOME RUN (Flyball, 9LD, EV 94.4 MPH), Distance : 355 ft
Batting: LHB Jared Rosewall 0-0: DOUBLE (Flyball, 78D, EV 93.1 MPH)
Batting: LHB Tariq Alston 0-0: Called Strike
0-1: Swinging Strike
0-2: Strikes out swinging
Batting: RHB Kaniel Martinez 0-0: Ball
1-0: Fly out, F8 (Flyball, 8RS, EV 95.6 MPH)
Batting: RHB Parker Capalbo 0-0: Called Strike
0-1: Ball
1-1: Ball
2-1: Called Strike
2-2: SINGLE (Line Drive, 7S, EV 98.8 MPH)
Jared Rosewall to third
Runner from 3rd tries for Home, throw by LF and OUT! 7-2
Bottom of the 2nd over - 1 run, 3 hits, 0 errors, 1 left on base; Maine 0 - New York 1
TOP OF THE 3RD
Maine Guides batting - Pitching for New York Cyclones : RHP Cedric Erickson
Batting: LHB Damian Counts 0-0: Ball
1-0: Called Strike
1-1: Swinging Strike
1-2: Strikes out swinging
Batting: RHB Benjamin Keating 0-0: Swinging Strike
0-1: Swinging Strike
0-2: Ball
1-2: Ball
2-2: Foul Ball, location: 2F
2-2: Strikes out swinging
Batting: RHB Walt Dutro 0-0: Ground out 6-3 (Groundball, 6, EV 80.6 MPH)
Top of the 3rd over - 0 runs, 0 hits, 0 errors, 0 left on base; Maine 0 - New York 1
BOTTOM OF THE 3RD
New York Cyclones batting - Pitching for Maine Guides : RHP Dave Lassell
Batting: RHB Devon Richardson 0-0: Foul Ball, location: 2F
0-1: Ball
1-1: Ball
2-1: Called Strike
2-2: Foul Ball, location: 2F
2-2: Foul Ball, location: 2F
2-2: Ball
3-2: Strikes out looking
Batting: LHB John McIntyre 0-0: Ball
1-0: Foul Ball, location: 2F
1-1: Ball
2-1: Ball
3-1: Called Strike
3-2: SOLO HOME RUN (Flyball, 7D, EV 101.9 MPH), Distance : 383 ft
Batting: RHB Fred Etheridge 0-0: Ball
1-0: Ball
2-0: Called Strike
2-1: Called Strike
2-2: Foul Ball, location: 2F
2-2: Foul Ball, location: 2F
2-2: Foul Ball, location: 2F
2-2: Foul Ball, location: 2F
2-2: Foul Ball, location: 2F
2-2: SOLO HOME RUN (Flyball, 78XD, EV 99.4 MPH), Distance : 412 ft
Batting: RHB Jarrett Evans 0-0: Ball
1-0: Ball
2-0: Called Strike
2-1: Foul Ball, location: 2F
2-2: Strikes out looking
Batting: LHB Jim Mjima 0-0: Ball
1-0: Ball
2-0: Swinging Strike
2-1: Called Strike
2-2: Ball
3-2: Base on Balls
Batting: LHB Jared Rosewall 0-0: Called Strike
0-1: Foul Ball, location: 2F
0-2: Fly out, F9 (Line Drive, 89M, EV 95.0 MPH)
Bottom of the 3rd over - 2 runs, 2 hits, 0 errors, 1 left on base; Maine 0 - New York 3
TOP OF THE 4TH
Maine Guides batting - Pitching for New York Cyclones : RHP Cedric Erickson
Batting: RHB Jaret Foley 0-0: Ball
1-0: Ground out 4-3 (Groundball, 4, EV 105.6 MPH)
Batting: RHB Nathan Bennett 0-0: Ball
1-0: Ball
2-0: Called Strike
2-1: Foul Ball, location: 2F
2-2: Ground out 5-3 (Groundball, 56, EV 83.8 MPH)
Batting: RHB Brad Pendolino 0-0: Ball
1-0: Called Strike
1-1: Ball
2-1: Fly out, F8 (Line Drive, 8LM, EV 95.6 MPH)
Top of the 4th over - 0 runs, 0 hits, 0 errors, 0 left on base; Maine 0 - New York 3
BOTTOM OF THE 4TH
New York Cyclones batting - Pitching for Maine Guides : RHP Dave Lassell
Batting: LHB Tariq Alston 0-0: Ball
1-0: Ball
2-0: Fly out, F8 (Flyball, 8RD, EV 74.4 MPH)
Batting: RHB Kaniel Martinez 0-0: Called Strike
0-1: Ball
1-1: Fly out, F8 (Flyball, 78S, EV 85.6 MPH)
Batting: RHB Parker Capalbo 0-0: Called Strike
0-1: Ball
1-1: Ball
2-1: Called Strike
2-2: Strikes out swinging
Bottom of the 4th over - 0 runs, 0 hits, 0 errors, 0 left on base; Maine 0 - New York 3
TOP OF THE 5TH
Maine Guides batting - Pitching for New York Cyclones : RHP Cedric Erickson
Batting: SHB Desmond Moynihan 0-0: Ball
1-0: Swinging Strike
1-1: Ball
2-1: SINGLE (Groundball, 6M, EV 103.1 MPH) (infield hit)
Batting: RHB Carter Attridge 0-0: Foul Ball, location: 2F
0-1: Ball
1-1: Ball
2-1: Ball
3-1: Fielders Choice at 2nd, 4-6 (Groundball, 34, EV 108.1 MPH)
Batting: RHB Chase Hagarty 0-0: Called Strike
0-1: Grounds into double play, 5-4-3 (Groundball, 56S, EV 81.2 MPH)
Top of the 5th over - 0 runs, 1 hit, 0 errors, 0 left on base; Maine 0 - New York 3
BOTTOM OF THE 5TH
New York Cyclones batting - Pitching for Maine Guides : RHP Dave Lassell
Batting: RHB Devon Richardson 0-0: Ground out U3 (Groundball, 3, EV 107.5 MPH)
Pitching: RHP Trejean Rüstü
Batting: LHB John McIntyre 0-0: Called Strike
0-1: Ball
1-1: Foul Ball, location: 2F
1-2: Ball
2-2: Strikes out looking
Batting: RHB Fred Etheridge 0-0: Called Strike
0-1: Called Strike
0-2: Ground out 6-3 (Groundball, 6, EV 84.4 MPH)
Bottom of the 5th over - 0 runs, 0 hits, 0 errors, 0 left on base; Maine 0 - New York 3
TOP OF THE 6TH
Maine Guides batting - Pitching for New York Cyclones : RHP Cedric Erickson
Batting: LHB Damian Counts 0-0: Called Strike
0-1: Ball
1-1: Fly out, F9 (Flyball, 9S, EV 83.8 MPH)
Batting: RHB Benjamin Keating 0-0: Ball
1-0: Swinging Strike
1-1: Foul Ball, location: 2F
1-2: Strikes out swinging
Batting: RHB Walt Dutro 0-0: Fly out, F9 (Flyball, 9D, EV 106.9 MPH)
Top of the 6th over - 0 runs, 0 hits, 0 errors, 0 left on base; Maine 0 - New York 3
BOTTOM OF THE 6TH
New York Cyclones batting - Pitching for Maine Guides : RHP Trejean Rüstü
Batting: RHB Jarrett Evans 0-0: Foul Ball, location: 2F
0-1: Ground out 4-3 (Groundball, 4, EV 93.8 MPH)
Batting: LHB Jim Mjima 0-0: Foul Ball, location: 2F
0-1: Ground out U3 (Groundball, 3, EV 82.5 MPH)
Batting: LHB Jared Rosewall 0-0: Called Strike
0-1: Ball
1-1: Swinging Strike
1-2: Foul Ball, location: 2F
1-2: Ball
2-2: Foul Ball, location: 2F
2-2: Foul Ball, location: 2F
2-2: Ball
3-2: Fly out, F8 (Line Drive, 8LM, EV 93.1 MPH)
Bottom of the 6th over - 0 runs, 0 hits, 0 errors, 0 left on base; Maine 0 - New York 3
TOP OF THE 7TH
Maine Guides batting - Pitching for New York Cyclones : RHP Cedric Erickson
Batting: RHB Jaret Foley 0-0: Called Strike
0-1: Ball
1-1: Swinging Strike
1-2: Strikes out swinging, 2-3 out at first.
Batting: RHB Nathan Bennett 0-0: Ball
1-0: Called Strike
1-1: Ground out 4-3 (Groundball, 4M, EV 83.8 MPH)
Batting: RHB Brad Pendolino 0-0: Ball
1-0: Ball
2-0: Foul Ball, location: 2F
2-1: SOLO HOME RUN (Flyball, 9D, EV 104.4 MPH), Distance : 376 ft
Batting: SHB Desmond Moynihan 0-0: Called Strike
0-1: Swinging Strike
0-2: Strikes out swinging
Top of the 7th over - 1 run, 1 hit, 0 errors, 0 left on base; Maine 1 - New York 3
BOTTOM OF THE 7TH
New York Cyclones batting - Pitching for Maine Guides : RHP Trejean Rüstü
Batting: LHB Tariq Alston 0-0: Ball
1-0: Called Strike
1-1: Called Strike
1-2: Foul Ball, location: 2F
1-2: Ball
2-2: Foul Ball, location: 2F
2-2: Foul Ball, location: 2F
2-2: Foul Ball, location: 2F
2-2: Strikes out swinging
Batting: RHB Kaniel Martinez 0-0: Foul Ball, location: 2F
0-1: Ball
1-1: Ball
2-1: Foul Ball, location: 2F
2-2: Strikes out looking
Batting: RHB Parker Capalbo 0-0: Ball
1-0: Called Strike
1-1: Ball
2-1: Ball
3-1: Called Strike
3-2: Base on Balls
Batting: RHB Devon Richardson 0-0: Ball
1-0: Ball
Parker Capalbo steals 2nd base
2-0: Ball
3-0: Called Strike
3-1: Foul Ball, location: 2F
3-2: Strikes out looking
Bottom of the 7th over - 0 runs, 0 hits, 0 errors, 1 left on base; Maine 1 - New York 3
TOP OF THE 8TH
Maine Guides batting - Pitching for New York Cyclones : RHP Cedric Erickson
Batting: RHB Carter Attridge 0-0: Called Strike
0-1: SINGLE (Line Drive, 4D, EV 96.2 MPH)
Batting: RHB Chase Hagarty 0-0: Fly out, F9 (Flyball, 9D, EV 86.2 MPH)
Batting: LHB Damian Counts 0-0: Swinging Strike
0-1: Foul Ball, location: 2F
0-2: SINGLE (Groundball, 56S, EV 66.2 MPH) (infield hit)
Carter Attridge to second
Batting: RHB Benjamin Keating 0-0: Ball
1-0: Called Strike
1-1: Called Strike
1-2: Foul Ball, location: 2F
1-2: SINGLE (Groundball, 56D, EV 100.0 MPH)
Carter Attridge to third
Damian Counts to second
Runner from 3rd tries for Home, SAFE, throw by LF to home
Batting: RHB Walt Dutro 0-0: Ball
1-0: Ball
2-0: Grounds into double play, 6-4-3 (Groundball, 6, EV 108.1 MPH)
Top of the 8th over - 1 run, 3 hits, 0 errors, 1 left on base; Maine 2 - New York 3
BOTTOM OF THE 8TH
New York Cyclones batting - Pitching for Maine Guides : RHP Trejean Rüstü
Batting: LHB John McIntyre 0-0: Foul Ball, location: 2F
0-1: Ball
1-1: Ball
2-1: Fly out, F8 (Flyball, 8LD, EV 83.1 MPH)
Batting: RHB Fred Etheridge 0-0: Fly out, F6 (Popup, 4M, EV 74.4 MPH)
Batting: RHB Jarrett Evans 0-0: Swinging Strike
0-1: Foul Ball, location: 2F
0-2: Ground out 5-3 (Groundball, 56D, EV 85.6 MPH)
Bottom of the 8th over - 0 runs, 0 hits, 0 errors, 0 left on base; Maine 2 - New York 3
TOP OF THE 9TH
Maine Guides batting - Pitching for New York Cyclones : RHP Cedric Erickson
Pitching: LHP Dawson Hupp
Batting: RHB Jaret Foley 0-0: Ball
1-0: Fly out, F5 (Line Drive, 5, EV 64.4 MPH)
Batting: RHB Nathan Bennett 0-0: Called Strike
0-1: DOUBLE (Flyball, 89XD, EV 108.8 MPH)
Batting: RHB Brad Pendolino 0-0: Ball
1-0: Ball
2-0: Reached via error on a dropped throw from SS, E3 (Groundball, 6, EV 83.8 MPH)
Nathan Bennett to third
Batting: SHB Desmond Moynihan 0-0: Ball
1-0: Ball
2-0: Called Strike
2-1: Fly out, F8 (Flyball, 78M, EV 95.6 MPH)
Runner from 3rd tags up, OUT at HOME! 8-2
Top of the 9th over - 0 runs, 1 hit, 1 error, 1 left on base; Maine 2 - New York 3
Friday, March 29th , 2024 - OOTP Baseball 23.10 Build 110